 Dungeon Crawl Stone Soup version 0.30.1-3-gfc49f6343a (webtiles) character file.

Game seed: 7265897852834932778

176470 Inchmeat the Brawler (level 17, -1/198 HPs)
             Began as a Troll Gladiator on July 22, 2023.
             Was a High Priest of Ashenzari.
             Killed from afar by a crystal guardian (12 damage)
             ... with a crystal bolt
             ... led by a peacekeeper
             ... on level 2 of the Vaults.
             The game lasted 01:14:52 (22820 turns).

Inchmeat the Brawler (Troll Gladiator)             Turns: 22820, Time: 01:14:53

Health: -1/198     AC: 24    Str: 30    XL:     17   Next: 51%
Magic:  0/16       EV: 14    Int:  4    God:    Ashenzari [*****.]
Gold:   1598       SH:  0    Dex: 13    Spells: 16/16 levels left

rFire   x .          .
                       - Unarmed
rCold   + + .        (no shield)
rNeg    . . .        N - +3 ice dragon scales "Cryptic Insecurity" {rF- rC++, Self, Alch} (curse)
rPois   .            G - +0 mask of the Dragon {Will+ Slay+3 SInv, Melee, Elem} (curse)
rElec   .            Y - +2 cloak of the Fated Augurer {+Inv, Range, Melee} (curse)
rCorr   +            (gloves unavailable)
SInv    +            (boots unavailable)
Will    +++..        T - brooch of Shielding {Spirit SH+8, Evo, Melee} (curse) Stlth
                     h - ring of the Wild Blue Yonder {rCorr, Comp, Melee} (curse)
HPRegen 1.33/turn    X - ring of Ashenzari's Henotheism {Slay+4, Fort, Self} (curse)
MPRegen 0.15/turn

%: clarity, guardian spirit
@: confused, ambrosia-drunk
A: large, unfitting armour, claws 3, regeneration 1, shaggy fur 1, tough skin 1,
strong-willed 1
a: Renounce Religion, Evoke Invisibility, Curse Item, Shatter the Chains


You were on level 2 of the Vaults.
You worshipped Ashenzari.
Ashenzari was extremely pleased with you.
You visited 6 branches of the dungeon, and saw 25 of its levels.
You visited the Abyss 2 times.
You also visited: Ossuary and Gauntlet.

You collected 2958 gold pieces.
You spent 1360 gold pieces at shops.

Inventory:

Hand Weapons
 q - a +4 scimitar of flaming
 K - the +4 trident of the Candelabrum {venom, *Rage rElec rPois}
   (You took it off a gnoll sergeant on level 6 of the Dungeon)

   rElec:     It insulates you from electricity.
   rPois:     It protects you from poison.
   *Rage:     It berserks you when you make melee attacks (+20% chance).
Missiles
 c - 2 throwing nets
 d - 14 large rocks (quivered)
 e - 4 javelins
 m - 7 silver javelins
 E - 5 curare-tipped darts
Armour
 G - the cursed +0 mask of the Dragon (worn) {Will+ Slay+3 SInv, Melee, Elem}
   (You bought it in a shop on level 1 of the Dungeon)

   Slay:      It affects your accuracy & damage with ranged weapons and melee
   (+3).
   SInv:      It lets you see invisible.
   Will:      It increases your willpower.
   It has a curse which improves the following skills: Melee Combat: Short
   Blades, Long Blades, Axes, Maces & Flails, Polearms, Staves and Unarmed
   Combat.
   Elements:  Fire Magic, Ice Magic, Air Magic and Earth Magic.
 N - the cursed +3 ice dragon scales "Cryptic Insecurity" (worn) {rF- rC++, Self, Alch}
   (You acquired it on level 9 of the Dungeon)

   rF:        It makes you vulnerable to fire.
   rC:        It greatly protects you from cold.
   It has a curse which improves the following skills: Introspection: Fighting
   and Spellcasting.
   Alchemy:   Poison Magic and Transmutations.
 Y - the cursed +2 cloak of the Fated Augurer (worn) {+Inv, Range, Melee}
   (You found it on level 2 of the Lair of Beasts)

   +Inv:      It lets you turn invisible.
   It has a curse which improves the following skills: Ranged Combat: Ranged
   Weapons and Throwing.
   Melee Combat: Short Blades, Long Blades, Axes, Maces & Flails, Polearms,
   Staves and Unarmed Combat.
Jewellery
 h - the cursed ring of the Wild Blue Yonder (left claw) {rCorr, Comp, Melee}
   (You found it on level 1 of the Dungeon)

   [ring of resist corrosion]

   rCorr:     It protects you from acid and corrosion.
   It has a curse which improves the following skills: Companions: Summonings
   and Necromancy.
   Melee Combat: Short Blades, Long Blades, Axes, Maces & Flails, Polearms,
   Staves and Unarmed Combat.
 B - the amulet of the Air {Inacc Air Fly rElec RMsl}
   (You found it on level 5 of the Lair of Beasts)

   [amulet of nothing]

   Inacc:     It reduces the accuracy of your attacks and spells.
   Air:       It enhances your air magic.
   rElec:     It insulates you from electricity.
   Fly:       It grants you flight.
   RMsl:      It protects you from missiles.
 S - a ring of protection from cold
 T - the cursed brooch of Shielding (around neck) {Spirit SH+8, Evo, Melee}
   (You found it on level 8 of the Dungeon)

   [amulet of guardian spirit]

   It causes incoming damage to be divided between your reserves of health and
   magic.
   SH:        It affects your SH (+8).
   It has a curse which improves the following skills: Evocations: Evocations.
   Melee Combat: Short Blades, Long Blades, Axes, Maces & Flails, Polearms,
   Staves and Unarmed Combat.
 X - the cursed ring of Ashenzari's Henotheism (right claw) {Slay+4, Fort, Self}
   (You found it on level 13 of the Dungeon)

   [ring of slaying]

   Slay:      It affects your accuracy & damage with ranged weapons and melee
   (+4).
   It has a curse which improves the following skills: Fortitude: Armour and
   Shields.
   Introspection: Fighting and Spellcasting.
Wands
 r - a wand of digging (7)
 I - a wand of mindburst (4)
 L - a wand of flame (25)
 M - a wand of acid (15)
 Q - a wand of polymorph (19)
 W - a wand of roots (20)
Scrolls
 a - 20 scrolls of identify
 k - 2 scrolls of torment
 n - 6 scrolls of immolation
 p - a scroll of summoning
 t - 5 scrolls of poison
 u - 5 scrolls of enchant weapon
 w - 6 scrolls of fog
 x - 2 scrolls of silence
 y - 3 scrolls of teleportation
 z - a scroll of enchant armour
 C - 5 scrolls of amnesia
 O - a scroll of magic mapping
Potions
 b - a potion of haste
 f - 7 potions of lignification
 i - a potion of ambrosia
 j - 12 potions of curing
 v - 4 potions of attraction
 A - 2 potions of brilliance
 D - a potion of invisibility
 F - 2 potions of flight
 H - 3 potions of magic
 J - 3 potions of resistance
 U - 2 potions of cancellation
Miscellaneous
 l - a piece from Xom's chessboard (15/15)
 s - a phantom mirror (inert)
 P - a lightning rod (4/4)
 R - a phial of floods
 V - a condenser vane
 Z - a box of beasts (inert)


   Skills:
 - Level 16.4(19.4) Fighting
 - Level 1.7(3.3) Throwing
 - Level 13.5(15.5) Armour
 * Level 14.9 Dodging
 - Level 17.5(22.3) Unarmed Combat


You had 16 spell levels left.
You didn't know any spells.
Your spell library contained the following spells:

 Spells                   Type           Power      Damage    Failure   Level
 Kiss of Death            Conj/Necr      0%         2d5       69%         1
 Shock                    Conj/Air       0%         1d3       69%         1
 Magic Dart               Conj           0%         1d3       71%         1
 Slow                     Hex            0%         N/A       71%         1
 Poisonous Vapours        Pois/Air       0%         N/A       80%         2
 Searing Ray              Conj           0%         2d4       83%         2
 Swiftness                Air            0%         N/A       95%         3
 Vampiric Draining        Necr           0%         2d6       95%         3
 Mephitic Cloud           Conj/Pois/Air  0%         N/A       96%         3
 Vhi's Electric Charge    Tloc/Air       0%         N/A       96%         3
 Confusing Touch          Hex            0%         N/A       97%         3
 Airstrike                Air            0%         2d(0-16)  100%        4
 Dispel Undead            Necr           0%         3d6       100%        4
 Fulminant Prism          Conj/Hex       0%         3d5       100%        4
 Arcjolt                  Conj/Air       0%         1d10      100%        5
 Freezing Cloud           Conj/Ice/Air   0%         6-21      100%        5
 Maxwell's Capacitive Co  Air            0%         ∞         100%        8


Dungeon Overview and Level Annotations

Branches:
Dungeon (14/15)            Temple (1/1) D:4            Lair (5/5) D:9
 Shoals (0/4) Lair:3        Snake (1/4) Lair:2        Slime (0/5) Lair:4
    Orc (2/2) D:10            Elf (0/3) Orc:2        Vaults (2/5) D:14
Ossuary (visited)         Gauntlet (visited)
  Crypt: Vaults:2-3

Altars:
Ashenzari
Cheibriados
Dithmenos
Fedhas
Gozag
Kikubaaqudgha
Makhleb
Ru
Sif Muna
Uskayaw
Vehumet
Xom
Yredelemnul
The Shining One
Jiyva

Shops:
D:1 [[   D:2 !:[(   D:13 (   Orc:1 :   Orc:2 !:*[*((!

Portals:
Pandemonium: Orc:2

Annotations:
D:3 2 transporters, bronco's ghost, amateur OgIE
Orc:2 2 transporters


Innate Abilities, Weirdness & Mutations

You are too large for most types of armour.
You have claws for hands.
Your natural rate of healing is unusually fast.
You are covered in fur. (AC +1)
You have tough skin. (AC +1)
You are strong-willed. (Will+)


Message History

You block the peacekeeper's attack. The peacekeeper misses you.
The harpy barely misses you. The harpy misses you.
You claw the peacekeeper!
You destroy the peacekeeper!
The harpy closely misses you. You block the harpy's attack.
You barely miss the harpy. You block the harpy's attack. x2
The harpy claws you but does no damage. The harpy completely misses you.
You mangle the harpy!! You claw the harpy.
You kill the harpy!
The crystal guardian fires a crystalline bolt at you.
The crystal bolt burns you!!!! The fire burns you terribly!
You are too injured to fight recklessly!
You are too injured to fight recklessly!
You are too injured to fight recklessly!
Okay, then.
Okay, then.
Aiming: Phantom Mirror
Press: ? - help, Dir - move target, f - crystal guardian
Aim: a crystal guardian You reflect the crystal guardian with the mirror!
The mirror clouds!
There is an open door here.
You open the lid... ...and a larval weirdshock beast leaps out!
The box is emptied!
The crystal guardian fires a crystalline bolt at you.
The crystal bolt burns you!!! The fire burns you terribly!
* * * LOW HITPOINT WARNING * * *
You are confused.
You feel invigorated.
Unknown command.
Your crystal guardian shimmers and vanishes!
The crystal guardian hits you!
* * * LOW HITPOINT WARNING * * *
Your larval weirdshock beast hits the crystal guardian but does no damage.
The crystal guardian fires a crystalline bolt at you.
The crystal bolt burns you!!! The fire burns you terribly!
* * * LOW HITPOINT WARNING * * *
The crystal bolt burns you! The fire burns you terribly!
You die...

,, ,,#..........#
* * , *** ,
#..........# , *,,
, ,,#..........# *
, , *
,#..........# *,
,,,,, #..........#
** , * ,*,, , *,
+..).†.....# , , ,
, {* ,#..........#
, * * * ,
####'############
, , ,,, { ,
#@9.####.......# *
, , ,,,
*#.H^...#.##.##.#
*** **
**#......#.......#
*
#####.......#####
#.......#......# ,
#.##.##.#......#
,*
#.......####...#
#########'## #####
, #....##....#


You could see a crystal guardian (ally target) and a friendly larval weirdshock
beast (summoned).

Vanquished Creatures
  Rupert (Lair:5)
  A lich (Abyss:1)
  Asterion (Snake:1)
  A sphinx (Vaults:1)
  A shadow dragon (Vaults:1)
  Donald (Orc:2)
  5 vault wardens
  3 orc warlords
  5 ironbound preservers
  A war gargoyle (Vaults:2)
  4 very ugly things (Vaults:1)
  2 ironbound thunderhulks
  4 dire elephants
  2 minotaurs
  A green death (Gauntlet)
  Snorg (Lair:5)
  2 ettins
  A great orb of eyes (Vaults:1)
  3 entropy weavers (Vaults:1)
  6 yaktaur captains
  8 hydras
  2 demonspawn (Orc:2)
  An ogre mage (Orc:1)
  The ghost of Gadrel the Skirmisher, a journeyman DgHu (Lair:2)
  A peacekeeper (Vaults:2)
  7 vault guards
  7 ironbound frosthearts
  6 centaur warriors
  4 catoblepae
  5 boulder beetles
  An anaconda (Snake:1)
  9 two-headed ogres
  A hell hog (Abyss:1)
  A deep troll shaman (Lair:5)
  5 death yaks (Lair:5)
  7 orc high priests (Orc:2)
  Urug (Lair:5)
  A hell knight (Vaults:1)
  A naga sharpshooter (Snake:1)
  A shock serpent (Snake:1)
  3 sun demons
  The ghost of cheesebisquit the Cleaver, a novice HOFi of Beogh (D:7)
  Sonja (D:13)
  A skyshark (Lair:4)
  9 skeletal warriors
  A deep elf knight (D:14)
  A sixfirhy (Abyss:1)
  The ghost of Wiggles the Severer, a novice MiBe of Trog (D:9)
  10 deep trolls (Vaults:2)
  6 lindwurms (Vaults:1)
  A spriggan simulacrum (Abyss:1)
  7 harpies
  5 wizards
  11 orc knights
  6 ironbound convokers
  3 oklob plants
  2 deep elf pyromancers
  6 orc sorcerers
  An ugly thing (Vaults:1)
  4 cyclopes
  The ghost of DemonSlayer the Magician, a novice DsEE (D:6)
  A salamander (Lair:2)
  3 manticores
  22 elephants
  14 slime creatures
  An ice statue (Gauntlet)
  7 black mambas
  A gargoyle (D:14)
  An apocalypse crab (Abyss:1)
  Maurice (D:8)
  3 smoke demons
  9 vault sentinels
  Maggie (D:6)
  14 cane toads
  3 orange demons
  An unseen horror (D:9)
  A hellion (Abyss:1)
  3 rime drakes
  A freezing wraith (D:14)
  4 yaktaurs
  Psyche (D:8)
  A kobold demonologist (D:9)
  2 efreet (Abyss:1)
  6 komodo dragons
  4 trolls
  4 polar bears
  A red devil (Orc:2)
  Grinder (D:5)
  2 hornets (Gauntlet)
  22 blink frogs
  3 large abominations (Abyss:1)
  3 centaur simulacra (Gauntlet)
  2 ynoxinuls
  2 wraiths
  2 water elementals (D:14)
  3 shadows
  A vampire (D:12)
  2 basilisks
  5 wyverns
  2 humans (D:14)
  42 yaks
  3 redbacks (Vaults:1)
  A chaos spawn (Abyss:1)
  A steam dragon (D:9)
  12 vampire mosquitoes
  2 small abominations (Abyss:1)
  3 wargs
  3 acid dragons
  13 water moccasins
  Duvessa (D:7)
  An ice beast (D:5)
  3 black bears
  32 orc warriors
  4 boggarts
  8 centaurs
  9 wolves
  12 ogres
  6 kobold brigands
  A phantom (D:6)
  17 bullfrogs
  3 gnoll sergeants
  A cane toad simulacrum (Gauntlet)
  5 scorpions
  Dowan (D:7)
  6 killer bees (D:9)
  3 electric eels
  2 lava snakes (Lair:2)
  A quasit (Abyss:1)
  2 jellies (D:8)
  A gnoll bouda (D:6)
  2 hounds
  23 orc priests
  A sleepcap (D:6)
  14 orc wizards
  3 iguanas
  A hell rat (Lair:3)
  8 mummies (Ossuary)
  12 gnolls
  9 adders
  2 white imps
  4 ufetubi
  2 worms
  3 dart slugs
  70 orcs
  3 ball pythons (D:1)
  5 bats
  7 endoplasms
  6 giant cockroaches
  10 goblins
  5 hobgoblins
  2 jackals (D:2)
  5 quokkas
  3 frilled lizards
  A gnoll zombie (Ossuary)
  3 hobgoblin zombies (Ossuary)
  24 kobolds
  A kobold zombie (Ossuary)
  3 orc zombies (Ossuary)
  6 rats
794 creatures vanquished.

Vanquished Creatures (collateral kills)
  A fire giant (Vaults:1)
  A vault warden (Vaults:1)
  An ironbound thunderhulk (Vaults:1)
  2 ironbound preservers (Vaults:1)
5 creatures vanquished.

Vanquished Creatures (others)
  An orc (Orc:2)
  A kobold (D:8)
  15 starspawn tentacles (Abyss:1)
17 creatures vanquished.

Grand Total: 816 creatures vanquished

Notes
Turn   | Place    | Note
-------+----------+-------------------------------------------
     0 | D:1      | Inchmeat the Troll Gladiator began the quest for the Orb.
     0 | D:1      | Reached XP level 1. HP: 19/19 MP: 0/0
    84 | D:1      | Reached XP level 2. HP: 28/28 MP: 1/1
   440 | D:1      | Reached XP level 3. HP: 34/35 MP: 2/2
   448 | D:1      | Found Neajyw Saimp's Antique Armour Emporium.
   510 | D:1      | Reached skill level 4 in Unarmed Combat
   527 | D:1      | Found Muebiets's Armour Emporium.
   810 | D:2      | Found Fengaulu's Book Shoppe.
   904 | D:2      | Reached XP level 4. HP: 44/44 MP: 3/3
   917 | D:2      | Found Okoarorghubb's Antique Weapon Boutique.
   995 | D:2      | Found Bionwid's Antique Armour Shoppe.
  1360 | D:2      | Found Zaicae's Distillery.
  1363 | D:2      | Bought 2 potions of curing for 84 gold pieces
  1363 | D:2      | Bought a potion of lignification for 42 gold pieces
  1418 | D:3      | Found a transporter.
  1623 | D:3      | Noticed bronco's ghost (amateur OgIE)
  1641 | D:3      | Found a transporter.
  1831 | D:3      | Found a faded altar of an unknown god.
  1840 | D:3      | Found a faded altar of an unknown god.
  2099 | D:4      | Reached skill level 5 in Unarmed Combat
  2100 | D:4      | Reached XP level 5. HP: 39/50 MP: 4/4
  2204 | D:4      | Reached XP level 6. HP: 57/61 MP: 5/5
  2243 | D:4      | Reached skill level 6 in Unarmed Combat
  2403 | D:4      | Found a staircase to the Ecumenical Temple.
  2588 | Temple   | Entered the Ecumenical Temple
  2602 | Temple   | Became a worshipper of Ashenzari the Shackled
  2753 | D:5      | Entered Level 5 of the Dungeon
  2753 | D:5      | Noticed Grinder
  2775 | D:5      | Killed Grinder
  2776 | D:5      | Reached skill level 7 in Unarmed Combat
  2776 | D:5      | Reached XP level 7. HP: 56/68 MP: 6/6
  2877 | D:5      | Found a sand-covered staircase.
  2891 | Ossuary  | Entered an ossuary
  3333 | D:5      | Reached skill level 8 in Unarmed Combat
  3558 | D:5      | Reached XP level 8. HP: 45/79 MP: 7/7
  3917 | D:6      | Found a transporter.
  3918 | D:6      | Identified the +4 trident of the Candelabrum {venom, *Rage
                  | rElec rPois}
  3918 | D:6      | Identified the +0 ring mail "Qesatuus" {rElec rN+++ MP-9
                  | Str+7}
  3957 | D:6      | Reached skill level 5 in Fighting
  4025 | D:6      | Reached skill level 9 in Unarmed Combat
  4045 | D:6      | Found a shimmering altar of Xom.
  4090 | D:6      | Found a transporter.
  4224 | D:1      | Bought the +0 mask of the Dragon {Will+ Slay+3 SInv} for
                  | 467 gold pieces
  4224 | D:1      | Found the +0 mask of the Dragon {Will+ Slay+3 SInv}
  4454 | D:6      | Noticed Maggie
  4461 | D:6      | Killed Maggie
  4462 | D:6      | Reached skill level 10 in Unarmed Combat
  4462 | D:6      | Reached XP level 9. HP: 82/89 MP: 8/8
  4480 | D:6      | Noticed DemonSlayer's ghost (novice DsEE)
  4646 | D:7      | Reached skill level 11 in Unarmed Combat
  4709 | D:7      | Noticed Dowan
  4716 | D:7      | Noticed Duvessa
  4729 | D:7      | Killed Dowan
  4732 | D:7      | Killed Duvessa
  5191 | D:7      | Noticed cheesebisquit's ghost (novice HOFi)
  5192 | D:7      | Found a transporter.
  5254 | D:7      | Found a basalt altar of Yredelemnul.
  5254 | D:7      | Found a burning altar of Makhleb.
  5621 | D:6      | Killed DemonSlayer's ghost
  5622 | D:6      | Reached skill level 12 in Unarmed Combat
  5906 | D:8      | Reached XP level 10. HP: 102/102 MP: 9/9
  5924 | D:8      | Noticed a manticore
  5927 | D:8      | Found the brooch of Shielding {Spirit SH+8}
  5928 | D:8      | Noticed a six-headed hydra
  5930 | D:8      | Noticed a cyclops
  5930 | D:8      | Noticed a centaur warrior
  6013 | D:7      | Found a transporter.
  6035 | D:7      | Killed cheesebisquit's ghost
  6395 | D:9      | Noticed Wiggles's ghost (novice MiBe)
  6396 | D:9      | Noticed a two-headed ogre
  6397 | D:9      | Noticed a two-headed ogre
  6397 | D:9      | Noticed a cyclops
  6406 | D:9      | Found a runed translucent gate.
  6407 | D:9      | Found a runed translucent gate.
  6409 | D:9      | Found a runed translucent gate.
  6444 | D:9      | Found a radiant altar of Vehumet.
  6450 | D:9      | Reached skill level 13 in Unarmed Combat
  6478 | D:9      | Reached skill level 5 in Dodging
  6815 | D:9      | Found a staircase to the Lair.
  6820 | D:9      | Reached skill level 14 in Unarmed Combat
  6842 | D:9      | Reached * piety under Ashenzari
  7066 | D:9      | Identified a scroll of acquirement
  7072 | D:9      | Reached XP level 11. HP: 103/109 MP: 10/10
  7276 | D:9      | Killed a two-headed ogre
  7349 | D:9      | Acquired +2 ice dragon scales
  7416 | D:10     | Entered Level 10 of the Dungeon
  7633 | D:10     | Found a staircase to the Orcish Mines.
  7784 | D:10     | Identified the +0 ring mail of Philately {Rampage rCorr}
  7850 | D:10     | Found a glowing golden altar of the Shining One.
  7992 | D:10     | Reached ** piety under Ashenzari
  8351 | D:11     | Reached *** piety under Ashenzari
  8923 | D:12     | Found a shadowy altar of Dithmenos.
  8926 | D:12     | Reached skill level 15 in Unarmed Combat
  8994 | D:12     | Reached **** piety under Ashenzari
  9196 | D:12     | Noticed a skeletal warrior
  9197 | D:12     | Noticed a skeletal warrior
  9198 | D:12     | Noticed a skeletal warrior
  9198 | D:12     | Noticed a skeletal warrior
  9198 | D:12     | Noticed a skeletal warrior
  9204 | D:12     | Killed a skeletal warrior
  9285 | D:12     | Noticed a two-headed ogre
  9294 | D:12     | Killed a two-headed ogre
  9301 | D:12     | Reached skill level 16 in Unarmed Combat
  9306 | D:12     | Noticed a two-headed ogre
  9314 | D:12     | Killed a two-headed ogre
  9593 | D:13     | Killed a skeletal warrior
  9594 | D:13     | Reached XP level 12. HP: 126/126 MP: 11/11
  9738 | D:12     | Reached skill level 17 in Unarmed Combat
 10020 | D:13     | Noticed a boulder beetle
 10041 | D:13     | Killed a boulder beetle
 10065 | D:13     | Found Viyvaoji's Weapon Boutique.
 10110 | D:13     | Noticed a two-headed ogre
 10116 | D:13     | Killed a two-headed ogre
 10212 | D:13     | Noticed Sonja
 10216 | Abyss:1  | Cast into level 1 of the Abyss (Sonja)
 10258 | Abyss:1  | Noticed a hell hog
 10268 | Abyss:1  | Noticed a tentacled starspawn
 10289 | Abyss:1  | Noticed a tentacled starspawn
 10310 | Abyss:1  | Killed a hell hog
 10316 | Abyss:1  | Noticed a tentacled starspawn
 10471 | D:13     | Escaped the Abyss
 10492 | Abyss:1  | Cast into level 1 of the Abyss (Sonja)
 10509 | Abyss:1  | Noticed a lich
 10528 | Abyss:1  | Killed a lich
 10537 | Abyss:1  | Found a hide-covered altar of Uskayaw.
 10852 | Abyss:1  | Found a corrupted altar of Lugonu.
 10855 | Abyss:1  | Reached skill level 10 in Fighting
 10857 | D:13     | Escaped the Abyss
 10861 | D:13     | Killed Sonja
 11270 | D:8      | Reached XP level 13. HP: 141/141 MP: 12/12
 11331 | D:8      | Reached ***** piety under Ashenzari
 11482 | D:8      | Noticed Maurice
 11495 | D:8      | Killed Maurice
 11595 | D:8      | Noticed Psyche
 11602 | D:8      | Killed Psyche
 11776 | D:8      | Found a snail-covered altar of Cheibriados.
 11776 | D:8      | Found a blossoming altar of Fedhas.
 11868 | D:9      | Killed Wiggles's ghost
 13002 | D:14     | Acquired a manual of Armour
 13020 | D:14     | Reached skill level 1 in Armour
 13181 | D:14     | Found a gate to the Vaults.
 13185 | D:14     | Reached skill level 5 in Armour
 13928 | Orc:1    | Entered Level 1 of the Orcish Mines
 14041 | Orc:1    | Noticed an orc warlord
 14171 | Orc:1    | Killed an orc warlord
 14286 | Orc:1    | Found Unusocviji's Book Shop.
 14585 | Orc:2    | Entered Level 2 of the Orcish Mines
 14585 | Orc:2    | Found Ynikh's Distillery.
 14591 | Orc:2    | Paralysed by an ogre mage for 4 turns
 14598 | Orc:2    | Reached XP level 14. HP: 119/159 MP: 8/13
 14786 | Orc:2    | Reached skill level 10 in Armour
 14829 | Orc:2    | Bought a potion of heal wounds for 85 gold pieces
 14829 | Orc:2    | Bought a potion of heal wounds for 85 gold pieces
 14829 | Orc:2    | Bought a potion of curing for 51 gold pieces
 14829 | Orc:2    | Bought a potion of heal wounds for 85 gold pieces
 14829 | Orc:2    | Bought a potion of mutation for 136 gold pieces
 14940 | Orc:2    | Found a staircase to the Elven Halls.
 14946 | Orc:2    | Found Derul's Antique Weapon Shoppe.
 15002 | Orc:2    | Found Mymo's Antique Weapon Emporium.
 15028 | Orc:2    | Found a transporter.
 15082 | Orc:2    | Found Samme's General Store.
 15083 | Orc:2    | Found Violuc's General Store.
 15209 | Orc:2    | Bought a scroll of summoning for 152 gold pieces
 15209 | Orc:2    | Bought a potion of mutation for 128 gold pieces
 15211 | Orc:2    | Bought a potion of curing for 45 gold pieces
 15313 | Orc:2    | Noticed Donald
 15327 | Orc:2    | Killed Donald
 15658 | Orc:2    | Found a transporter.
 15658 | Orc:2    | Found Igar's Distillery.
 15832 | Orc:2    | Found Nerr's Book Shoppe.
 15832 | Orc:2    | Found Delliontu's Antique Armour Emporium.
 15833 | Orc:2    | Found a one-way gate leading to the halls of Pandemonium.
 15961 | Lair:1   | Entered Level 1 of the Lair of Beasts
 15995 | Lair:1   | Found a gate leading to a gauntlet.
 16003 | Gauntlet | Entered a Gauntlet
 16003 | Gauntlet | Found a transporter.
 16010 | Gauntlet | Found a transporter.
 16014 | Gauntlet | Found a transporter.
 16023 | Gauntlet | Identified the +3 scale mail of the Forest {rElec Slay+3}
 16025 | Gauntlet | Found a transporter.
 16026 | Gauntlet | Found a transporter.
 16034 | Gauntlet | Found a transporter.
 16038 | Gauntlet | Found a transporter.
 16049 | Gauntlet | Found a transporter.
 16050 | Gauntlet | Found a transporter.
 16058 | Gauntlet | Found a transporter.
 16081 | Gauntlet | Found a transporter.
 16093 | Gauntlet | Found a transporter.
 16105 | Gauntlet | Found a transporter.
 16119 | Gauntlet | Found a transporter.
 16728 | Lair:1   | Gained mutation: You are strong-willed. (Will+) [potion of
                  | mutation]
 16729 | Lair:1   | Lost mutation: You are strong-willed. (Will+) [potion of
                  | mutation]
 16729 | Lair:1   | Gained mutation: You are clumsy. (Dex -2) [potion of
                  | mutation]
 16729 | Lair:1   | Gained mutation: You passively dampen the noise of your
                  | surroundings. [potion of mutation]
 16729 | Lair:1   | Gained mutation: You have sharp toenails. [potion of
                  | mutation]
 16730 | Lair:1   | Lost mutation: You have sharp toenails. [potion of
                  | mutation]
 16730 | Lair:1   | Lost mutation: You are clumsy. (Dex -2) [potion of
                  | mutation]
 16730 | Lair:1   | Gained mutation: Armour fits poorly on your strangely
                  | shaped body. [potion of mutation]
 16730 | Lair:1   | Gained mutation: You have sharp toenails. [potion of
                  | mutation]
 16731 | Lair:1   | Lost mutation: Armour fits poorly on your strangely shaped
                  | body. [potion of mutation]
 16731 | Lair:1   | Lost mutation: You have sharp toenails. [potion of
                  | mutation]
 16731 | Lair:1   | Lost mutation: You passively dampen the noise of your
                  | surroundings. [potion of mutation]
 16731 | Lair:1   | Gained mutation: You are strong-willed. (Will+) [potion of
                  | mutation]
 17381 | Lair:2   | Found a staircase to the Snake Pit.
 17450 | Lair:2   | Found a runed translucent gate.
 17450 | Lair:2   | Found a runed translucent gate.
 17450 | Lair:2   | Found a runed translucent gate.
 17464 | Lair:2   | Identified the +2 cloak "Ypleydd" {+Inv}
 17481 | Lair:2   | Reached XP level 15. HP: 174/174 MP: 14/14
 17485 | Lair:2   | Noticed Gadrel's ghost (journeyman DgHu)
 17818 | Lair:2   | Identified the +9 war axe of Vepsiew {flame, *Slow SInv
                  | Stlth+}
 18112 | Lair:2   | Killed Gadrel's ghost
 18651 | Lair:3   | Found a staircase to the Shoals.
 19309 | Lair:4   | Found a viscous altar of Jiyva.
 19309 | Lair:4   | Identified the +3 ring mail of the Okapi {rC- Str+2 Stlth+}
 19311 | Lair:4   | Found a staircase to the Slime Pits.
 19326 | Lair:4   | Reached skill level 15 in Fighting
 19463 | Lair:5   | Entered Level 5 of the Lair of Beasts
 19463 | Lair:5   | Noticed Urug
 19473 | Lair:5   | Killed Urug
 19653 | Lair:5   | Noticed Snorg
 19660 | Lair:5   | Killed Snorg
 19924 | Lair:5   | Identified the +9 dagger of Arrival {antimagic, rPois rF++
                  | Dex-3 SInv}
 20253 | Lair:5   | Noticed Rupert
 20264 | Lair:5   | Killed Rupert
 20269 | Lair:5   | Reached XP level 16. HP: 98/188 MP: 7/15
 20348 | Lair:5   | Found the amulet of the Air {Inacc Air Fly rElec RMsl}
 20575 | Snake:1  | Entered Level 1 of the Snake Pit
 20575 | Snake:1  | Noticed Asterion
 20589 | Snake:1  | Killed Asterion
 20829 | Vaults:1 | Entered Level 1 of the Vaults
 21071 | Vaults:1 | Reached skill level 10 in Dodging
 21656 | Vaults:1 | Noticed a sphinx
 21672 | Vaults:1 | Killed a sphinx
 21780 | Vaults:1 | Noticed a shadow dragon
 21789 | Vaults:1 | Killed a shadow dragon
 21874 | Vaults:1 | Identified the +1 pair of boots of Repulsion {Slay+5}
 21966 | Vaults:1 | Reached XP level 17. HP: 198/198 MP: 16/16
 22820 | Vaults:2 | Killed from afar by a crystal guardian

Illustrated notes

Levels and vault maps discovered:
D:1:      amcnicky_arrival_underground_garden, layout_basic, serial_shops, shop,
          nicolae_shop_rolling_square
D:2:      wad_pebble_path, layout_loops_ring, serial_shops, shop, shop,
          nicolae_shop_real_fake_doors, shop
D:3:      layout_basic, hellmonk_ecumenical_altar_the_god_not_taken,
          gammafunk_ghost_stat_death
D:4:      layout_rooms, minmay_temple_entry_offerings, minivault_27,
          grunt_decor_one_mirror
D:5:      layout_basic, enter_ossuary_1, uniq_grinder
D:6:      layout_rooms, old_standard_altar, gammafunk_ghost_gnarly_gnolls,
          uniq_maggie
D:7:      layout_loops_ring, gammafunk_temple_overflow_elements,
          gammafunk_ghost_smash, uniq_duvessa
D:8:      layout_loops_ring, nicolae_overflow_two_pavilions, minmay_radiant,
          uniq_maurice, uniq_psyche
D:9:      layout_cave_pods, mainiacjoe_overflow_six_doors_small,
          due_lair_maze_entry_diamond, gammafunk_ghost_split
D:10:     layout_big_octagon, nicolae_tso_carved_into_rock
D:11:     layout_basic
D:12:     layout_loops_ring, grunt_dithmenos_shadows
D:13:     layout_basic, serial_shops, nicolae_shop_statue_plus, serial_glass,
          glass_columns_a, glass_columns_a, drop_trap, uniq_sonja
D:14:     layout_basic, grunt_vaults_entry_fortified
Temple:   nicolae_temple_bog_church
Lair:1:   dpeg_oklob_gauntlet, layout_regular_city, gauntlet_entry_generic,
          nicolae_lair_grove_arrangements
Lair:2:   layout_cave_shapes, nicolae_snake_entry_warm_welcome,
          maelrawn_ghost_gauntlet_escape, st_stairs_7, serial_bayou_pond_d,
          lemuel_fruit_fields, infiniplex_staircase_pool_2
Lair:3:   layout_gridlike, minmay_shoals_entry_centaurs, st_stairs_11,
          serial_bayou_shore_a
Lair:4:   layout_big_grid, minmay_slime_entry_oklob_enclosed
Lair:5:   grunt_lair_end_beastmaster, layout_gridlike, lemuel_fruit_fields,
          lemuel_fruit_tree, uniq_urug, uniq_snorg, uniq_rupert
Snake:1:  layout_misc_corridors, serial_shops, nicolae_shop_tiny_statue_garden,
          grunt_megastairs_4, uniq_asterion
Orc:1:    layout_diamond_mine, serial_shops, nicolae_shop_waterfront
Orc:2:    pf_orc_diabolical, layout_caves, serial_shops,
          nicolae_shop_advertising_works [nicolae_subvault_shop_adworks],
          nicolae_shop_drivethru, shop, shop, uniq_donald
Vaults:1: vaults_dpeg_doors, v_rooms_3, st_eye, grunt_vaults_twisty,
          nicolae_vaults_theta, nicolae_vaults_mini_display_case,
          nicolae_vaults_wrenched, serial_ice_h, ontoclasm_vaults_ring_large,
          nicolae_vaults_stepped_doors, v_misc_26,
          nicolae_vaults_offset_grid_hallway_2, vaults_dpeg_emergency_exit,
          ontoclasm_vaults_twist, layout_vaults_omnibox
Vaults:2: vaults_mumra_minichess, hangedman_vaults_cutoff,
          nicolae_vaults_octagons, nicolae_vaults_network_s, v_misc_5,
          nicolae_vaults_circle_grid_b, nicolae_vaults_more_shelving_2,
          nicolae_vaults_storage_closets_3, hangedman_vaults_stretched_pinwheel,
          nicolae_vaults_swerve, nicolae_vaults_trapezoid_2,
          nicolae_vaults_specimen_jars, nicolae_vaults_trapezoid_2,
          layout_vaults_maze

Skill      XL: |  1  2  3  4  5  6  7  8  9 10 11 12 13 14 15 16 17 |
---------------+----------------------------------------------------+-----
Fighting       | 2 3 4 5 7 10 12 13 15 16 | 16.4
Unarmed Combat | 4 5 7 8 10 12 14 16 17 | 17.5
Dodging        | 6 8 13 14 | 14.9
Armour         | 8 11 13 | 13.5
Throwing       | |  1.7

Action                     |  1- 3 |  4- 6 |  7- 9 | 10-12 | 13-15 | 16-18 || total
---------------------------+-------+-------+-------+-------+-------+-------++-------
  Melee: Unarmed           |   100 |   121 |   245 |   315 |   856 |   358 ||  1995
         Punch             |     1 |     3 |    11 |    23 |   115 |    77 ||   230
         Scimitar          |       |       |       |       |    12 |       ||    12
  Throw: Throwing net      |       |     1 |     2 |     1 |       |       ||     4
         Large rock        |       |       |       |       |     3 |       ||     3
 Invoke: Curse Item        |       |       |       |     5 |     3 |       ||     8
         Shatter the Chain |       |       |       |       |     2 |       ||     2
  Evoke: Wand              |       |       |       |     3 |     3 |     1 ||     7
         Phial of floods   |       |       |       |     1 |     1 |       ||     2
         Lightning rod     |       |       |       |       |     1 |       ||     1
         Condenser vane    |       |       |       |       |     1 |       ||     1
         Box of beasts     |       |       |       |       |       |     2 ||     2
         Phantom mirror    |       |       |       |       |       |     2 ||     2
    Use: Scroll            |       |     3 |     3 |    14 |     3 |     8 ||    31
         Potion            |       |       |     1 |    19 |     5 |     8 ||    33
   Stab: Held in net/web   |       |       |     1 |       |       |       ||     1
         Invisible         |       |       |       |     1 |       |       ||     1
         Petrified         |       |       |       |       |     2 |       ||     2
 Armour: Robe              |    27 |    30 |    58 |       |       |       ||   115
         Acid dragon scale |       |       |    19 |    58 |       |       ||    77
         Ice dragon scales |       |       |       |    93 |   320 |   110 ||   523
  Dodge: Dodged            |    50 |    57 |   117 |   179 |   337 |   114 ||   854
  Block: Other             |       |       |       |       |   269 |    73 ||   342
